 Dungeon Crawl Stone Soup version 0.26-a0-812-g31a745ddcd (webtiles) character file.

Game seed: 16686938882789234629

198 Dracia the Bolt Thrower (level 5, 0/37 HPs)
             Began as a Demonspawn Arcane Marksman on Dec 3, 2020.
             Was a Believer of Wu Jian.
             Slain by a scorpion (5 damage)
             ... on level 4 of the Dungeon.
             The game lasted 00:12:30 (4437 turns).

Dracia the Bolt Thrower (DsAM)                      Turns: 4437, Time: 00:12:31

Health: 0/37       AC: 10    Str: 11    XL:     5   Next: 47%
Magic:  0/6        EV: 10    Int: 14    God:    Wu Jian [**....]
Gold:   195        SH:  5    Dex: 14    Spells: 3/6 levels left

rFire    . . .     SeeInvis .     - Unarmed
rCold    + . .     Faith    .   (no shield)
rNeg     . . .     Spirit   +   c - +1 ring mail {rC+}
rPois    .         Reflect  +   l - +1 helmet
rElec    .         Harm     .   (no cloak)
rCorr    .         Rampage  .   (no gloves)
MR       .....                  (no boots)
Stlth    +.........             q - amulet of reflection
HPRegen  0.12/turn              (no ring)
MPRegen  0.10/turn              (no ring)

@: lethally poisoned (0 -> -5)
A: claws 1, thin metallic scales 1, magic shield
a: Wall Jump, Renounce Religion


You were on level 4 of the Dungeon.
You worshipped Wu Jian.
Wu Jian was pleased with you.
You visited 1 branch of the dungeon, and saw 4 of its levels.

You collected 195 gold pieces.


Innate Abilities, Weirdness & Mutations

You have sharp fingernails.
You are partially covered in thin metallic scales. (AC +2)
When hurt, damage is shared between your health and your magic reserves.


   Skills:
 - Level 1.0 Fighting
 - Level 4.2 Crossbows
 - Level 1.7 Dodging
 * Level 1.3 Unarmed Combat
 - Level 1.0 Spellcasting
 + Level 4.1 Hexes


You had 3 spell levels left.
You knew the following spells:

 Your Spells              Type           Power        Failure   Level
a - Corona                Hex            ##.....      12%         1
b - Slow                  Hex            ##......     19%         2

Your spell library contained the following spells:

 Spells                   Type           Power        Failure   Level
 Inner Flame              Hex/Fire       #.......     63%         3
 Portal Projectile        Hex/Tloc       #.....       63%         3
 Cause Fear               Hex            ##........   75%         4
 Leda's Liquefaction      Hex/Erth       #.........   95%         4

Inventory:

Hand Weapons
 a - a +2 hand crossbow
 b - a +0 dagger
Missiles
 d - 18 bolts
 f - 2 silver boomerangs (quivered)
Armour
 c - a +1 ring mail of cold resistance (worn)
 e - a +0 robe
 g - a -2 plate armour
 l - a +1 helmet (worn)
Jewellery
 q - an amulet of reflection (around neck)
Scrolls
 j - a scroll of immolation
 o - 2 scrolls of fear
Potions
 k - 2 potions of curing {@q1@q1}
 m - a potion of brilliance {unknown}
 n - a potion of mutation {unknown}

Dungeon Overview and Level Annotations

Branches:
Dungeon (4/15)
 Temple: D:4-7

Altars:
Wu Jian

Annotations:
D:3 1 runed translucent door, Azzok's ghost, amateur DsBe

## ##. ###........
#....!..#.#
#.......#.#
#......##@#
###......##s#
#.........#B#
..##.#.........#
###.#..#.........#
.>.......#.#.#####
..#..........#
#............#
##.........######


You could see a scorpion and a giant cockroach.


Message History

You feel sick. The scorpion stings you.
* * * LOW HITPOINT WARNING * * *
You scratch the scorpion.
The scorpion is heavily wounded.
You feel sick. The scorpion closely misses you.
Unknown command.
You scratch the scorpion but do no damage.
The scorpion is heavily wounded.
You feel sick.
The scorpion stings you but does no damage.
You scratch the scorpion but do no damage.
The scorpion is heavily wounded.
You feel sick. The scorpion closely misses you.
You barely miss the scorpion.
The scorpion is heavily wounded.
You feel sick.
You scratch the scorpion but do no damage.
The scorpion is heavily wounded.
You feel sick. The scorpion closely misses you.
You scratch the scorpion.
The scorpion is almost dead.
You block the scorpion's attack.
You scratch the scorpion but do no damage.
The scorpion is almost dead.
You feel sick. The scorpion stings you.
* * * LOW HITPOINT WARNING * * *
You closely miss the scorpion.
The scorpion is almost dead.
The scorpion stings you!
You die...

Skill      XL: |  1  2  3  4 |
---------------+-------------+-----
Crossbows      | 2 3 4 |  4.2
Unarmed Combat | 1 |  1.3
Hexes          | 4 |  4.1
Fighting       | |  1.0
Dodging        | |  1.7
Spellcasting   | |  1.0

Action                   |  1- 3 |  4- 6 || total
-------------------------+-------+-------++-------
Melee: Dagger            |   350 |     1 ||   351
       Unarmed           |       |   190 ||   190
 Fire: Hand crossbow     |     4 |       ||     4
 Cast: Corona            |     2 |       ||     2
Invok: Lunge             |     5 |     6 ||    11
       Whirlwind         |     3 |     6 ||     9
  Use: Scroll            |     9 |     2 ||    11
       Potion            |       |     3 ||     3
 Stab: Sleeping          |     2 |       ||     2
Armor: Robe              |   117 |       ||   117
       Ring mail         |    49 |    71 ||   120
       Plate armour      |    15 |       ||    15
Dodge: Dodged            |   262 |    70 ||   332
Block: Other             |       |    41 ||    41
       Reflection        |       |     1 ||     1

Levels and vault maps discovered:
D:1:      minmay_arrival_stair_chambers, layout_loops_ring, minmay_pentomino_q2
D:2:      layout_loops_ring, chequers_ecumenical_altar_island, hex_tiny,
          minmay_statues_item, nrook_campfire
D:3:      layout_basic, ebering_ghost_reflecting_pool
D:4:      layout_rooms, serial_shops, kennysheep_mini, gup_sewer_entry_glass,
          minivault_24

Notes
Turn   | Place    | Note
-------+----------+-------------------------------------------
     0 | D:1      | Dracia the Demonspawn Arcane Marksman began the quest for
                  | the Orb.
     0 | D:1      | Reached XP level 1. HP: 15/15 MP: 2/2
    93 | D:1      | Reached skill level 2 in Crossbows
   131 | D:1      | HP: 1/15 [bat (1)]
   433 | D:1      | Gained mutation: You are partially covered in thin metallic
                  | scales. (AC +2) [demonic ancestry]
   433 | D:1      | Reached XP level 2. HP: 17/21 MP: 3/3
  1188 | D:1      | Gained mutation: When hurt, damage is shared between your
                  | health and your magic reserves. [demonic ancestry]
  1188 | D:1      | Reached XP level 3. HP: 21/26 MP: 4/4
  1278 | D:1      | Learned a level 2 spell: Slow
  1975 | D:2      | Found a faded altar of an unknown god.
  1993 | D:2      | Reached skill level 3 in Crossbows
  2050 | D:2      | Became a worshipper of the Wu Jian Council
  2050 | D:2      | Reached * piety under Wu Jian
  3171 | D:3      | Gained mutation: You have sharp fingernails. [demonic
                  | ancestry]
  3171 | D:3      | Reached XP level 4. HP: 25/32 MP: 2/5
  3196 | D:3      | Reached ** piety under Wu Jian
  4017 | D:3      | Found a runed translucent door.
  4017 | D:3      | Noticed Azzok's ghost (amateur DsBe)
  4309 | D:4      | Reached skill level 4 in Crossbows
  4309 | D:4      | Reached skill level 1 in Unarmed Combat
  4309 | D:4      | Reached skill level 4 in Hexes
  4309 | D:4      | Reached XP level 5. HP: 28/37 MP: 1/6
  4437 | D:4      | Slain by a scorpion

Vanquished Creatures
  A scorpion (D:4)
  A worker ant (D:4)
  4 adders
  An ooze (D:3)
  An adder skeleton (D:4)
  A worm (D:3)
  2 dart slugs
  A leopard gecko (D:3)
  2 orcs
  2 giant cockroaches (D:1)
  9 goblins
  10 hobgoblins
  6 jackals (D:1)
  3 quokkas
  3 ball pythons
  10 bats
  3 frilled lizards
  11 kobolds
  4 rats
75 creatures vanquished.

Table legend: (Time is in decaauts)
 A = Elapsed time spent in this place.
 B = Non-inter-level travel time spent in this place.
 C = Inter-level travel time spent in this place.
 D = Time resting spent in this place.
 E = Time spent auto-exploring this place.
 F = Levels seen in this place.
 G = Mean time per level.
                   A        B        C        D        E       F      G
               +--------+--------+--------+--------+--------+-----+--------+
         Total |   4441 |   4356 |     85 |    506 |   2851 |   4 | 1110.2 |
       Dungeon |   4441 |   4356 |     85 |    506 |   2851 |   4 | 1110.2 |
               +--------+--------+--------+--------+--------+-----+--------+

Top non-repeatable levels by time:
     D:1: 1966 daAuts
     D:2: 1197 daAuts
     D:3: 1065 daAuts
     D:4: 211 daAuts

Table legend:
 A = Non-vault XP
 B = Vault XP
 C = Vault XP percentage of total XP
 D = Non-vault monster count
 E = Vault monster count
 F = Vault count percentage of total count
                 A         B        C        D         E       F
            +---------+---------+-------+---------+---------+-------
      Total |     280 |       3 |   1.1 |      73 |       2 |   2.7
            +---------+---------+-------+---------+---------+-------
        D:1 |      50 |       3 |   5.7 |      30 |       2 |   6.2
        D:2 |      42 |       0 |   0.0 |      19 |       0 |   0.0
        D:3 |      64 |       0 |   0.0 |      17 |       0 |   0.0
        D:4 |     124 |       0 |   0.0 |       7 |       0 |   0.0
            +---------+---------+-------+---------+---------+-------
